 Dungeon Crawl Stone Soup version 0.23-a0-470-g6f7cfd9 (webtiles) character file.

19 Amnesiac the Ducker (level 2, -1/16 HPs)
             Began as a Deep Elf Wanderer on Nov 26, 2018.
             Slain by a jackal (3 damage)
             ... on level 1 of the Dungeon.
             The game lasted 00:01:24 (276 turns).

Amnesiac the Ducker (Deep Elf Wanderer)              Turns: 276, Time: 00:01:24

Health: -1/16      AC:  4    Str:  9    XL:     2   Next: 55%
Magic:  6/6        EV: 13    Int: 17    God:
Gold:   5          SH:  0    Dex: 13    Spells: 1/4 levels left

rFire    . . .     SeeInvis .   a - +2 quarterstaff
rCold    . . .     Gourm    .   (shield currently unavailable)
rNeg     . . .     Faith    .   d - +0 robe
rPois    .         Spirit   .   (no helmet)
rElec    .         Reflect  .   e - +1 cloak
rCorr    .         Harm     .   (no gloves)
MR       .....                  (no boots)
Stlth    ++........             (no amulet)
HPRegen  0.05/turn              (no ring)
MPRegen  0.10/turn              (no ring)

@: no status effects
A: no striking features
a: no special abilities


You were on level 1 of the Dungeon.
You were not hungry.

You visited 1 branch of the dungeon, and saw 1 of its levels.

You collected 5 gold pieces.

Inventory:

Hand Weapons
 a - a +2 quarterstaff (weapon)
Armour
 d - a +0 robe (worn)
 e - a +1 cloak (worn)
Scrolls
 b - 2 scrolls of enchant armour {!r}
Comestibles
 c - 5 chunks of flesh
 f - a ration


   Skills:
 - Level 1.1 Fighting
 - Level 1.1 Staves
 + Level 3.5 Dodging
 - Level 1.5 Stealth
   Level 1.5 Shields
 - Level 1.7 Spellcasting
   Level 1.3 Hexes
   Level 1.5 Charms


You had one spell level left.
You knew the following spells:

 Your Spells              Type           Power        Failure   Level  Hunger
a - Sandblast             Erth           #.....       21%         1    #......
b - Corpse Rot            Necr           N/A          30%         2    ###....

Your spell library contained the following spells:

 Spells                   Type           Power        Failure   Level  Hunger
 Sublimation of Blood     Necr           #.........   30%         2    ###....
 Stone Arrow              Conj/Erth      #.....       52%         3    ###....


Dungeon Overview and Level Annotations

Branches:
Dungeon (1/15)

Altars:


Message History

The jackal barks!
You barely miss the jackal. The jackal closely misses you.
The jackal bites you.
* * * LOW HITPOINT WARNING * * *
The leopard gecko hisses angrily.
You hit the jackal.
The jackal is severely wounded.
The jackal misses you.
A frilled lizard comes into view.
The jackal barely misses you.
You miss the jackal.
The jackal is heavily wounded.
A jackal comes into view.
The jackal misses you.
You closely miss the jackal.
The jackal is heavily wounded.
The jackal barks! x2; The frilled lizard hisses angrily.
The jackal barely misses you. The jackal bites you.
* * * LOW HITPOINT WARNING * * *
You are too injured to fight recklessly!
The jackal closely misses you.
The jackal bites you but does no damage.
The jackal barely misses you. The jackal misses you.
The jackal closely misses you. The jackal misses you.
You aren't carrying any potions.
Really read
b - 3 scrolls labeled EFOANL RAEMNUU {!r}?
As you read the scroll labeled EFOANL RAEMNUU {!r}, it crumbles to dust.
It is a scroll of enchant armour.
Your +0 cloak glows green for a moment.
The jackal completely misses you.
You barely miss the jackal.
The jackal is moderately wounded.
The jackal closely misses you. The jackal bites you.
* * * LOW HITPOINT WARNING * * *
You sock the jackal!
You kill the jackal!
The leopard gecko closely misses you.
You hit the leopard gecko.
The leopard gecko is moderately wounded.
The leopard gecko barely misses you.
You miss the leopard gecko. The leopard gecko barely misses you.
The leopard gecko misses you.
You sock the leopard gecko!
You kill the leopard gecko!
The jackal closely misses you.
You barely miss the jackal.
The jackal bites you but does no damage.
The jackal barely misses you.
You closely miss the jackal. The jackal barely misses you.
You sock the jackal!
You kill the jackal!
You closely miss the frilled lizard.
The frilled lizard closely misses you. x2
You sock the frilled lizard!
You kill the frilled lizard!
Some of the chunks of flesh in your inventory have rotted away.
You hit the jackal.
The jackal is almost dead.
The jackal misses you. The jackal bites you.
* * * LOW HITPOINT WARNING * * *
You hit the jackal but do no damage.
The jackal is almost dead.
The jackal completely misses you. The jackal bites you.
You die...

##≈♣...P≈##.# ...##≈#.#≈###.#
.....###.###...#
.......#.....#.#
.......######..# ....... ##.##
#......### #..#
.#.......###.#######
.........).....@h..#
...[.........#####.# ########
.............## #.###......####
..............####h##...........
..#...............h#............
. #.............................
............##...##............
..#...?......###...l............
..#..........#....#.h...........


You could see a jackal.

Vanquished Creatures
  A dart slug (D:1)
  A leopard gecko (D:1)
  4 goblins (D:1)
  3 jackals (D:1)
  2 kobolds (D:1)
  2 bats (D:1)
  2 frilled lizards (D:1)
  A rat (D:1)
16 creatures vanquished.

Vanquished Creatures (others)
  4 toadstools (D:1)
4 creatures vanquished.

Grand Total: 20 creatures vanquished

Notes
Turn   | Place    | Note
-------+----------+-------------------------------------------
     0 | D:1      | Amnesiac the Deep Elf Wanderer began the quest for the Orb.
     0 | D:1      | Amnesiac set off with the following items: a +2
                  | quarterstaff, a +0 robe, a ration; and the following spell
                  | memorised: Sandblast; and the following spells available to
                  | memorise: Corpse Rot, Sublimation of Blood, Stone Arrow
     0 | D:1      | Reached XP level 1. HP: 12/12 MP: 5/5
   109 | D:1      | Reached XP level 2. HP: 12/16 MP: 6/6
   114 | D:1      | Reached skill level 3 in Dodging
   122 | D:1      | Learned a level 2 spell: Corpse Rot
   276 | D:1      | Slain by a jackal

Vault maps used:
D:1:      ldierk_walled_garden_2, chequers_mini_garden, minmay_tripent

Skill      XL: |  1  2 |
---------------+-------+-----
Dodging        | 3 |  3.5
Fighting       | |  1.1
Staves         | |  1.1
Stealth        | |  1.5
Shields        | |  1.5
Spellcasting   | |  1.7
Hexes          | |  1.3
Charms         | |  1.5

Action                   || total
-------------------------++-------
Melee: Quarterstaff      ||    41
  Use: Scroll            ||     1
Armor: Robe              ||     7
Dodge: Dodged            ||    32

Table legend:
 A = Non-vault XP
 B = Vault XP
 C = Vault XP percentage of total XP
 D = Non-vault monster count
 E = Vault monster count
 F = Vault count percentage of total count
                 A         B        C        D         E       F
            +---------+---------+-------+---------+---------+-------
      Total |      27 |       1 |   3.6 |      15 |       1 |   6.2
            +---------+---------+-------+---------+---------+-------
        D:1 |      27 |       1 |   3.6 |      15 |       1 |   6.2
            +---------+---------+-------+---------+---------+-------
